 Dungeon Crawl Stone Soup version 0.20.0-15-g7f486f2 (webtiles) character file.

3782 Gargoyl the Chopper (level 9, 0/75 HPs)
             Began as a Red Draconian Abyssal Knight on June 13, 2017.
             Was a High Priest of Lugonu.
             Slain by Joseph
             ... wielding a +0 great sword
              (25 damage)
             ... on level 7 of the Dungeon.
             The game lasted 00:17:33 (8990 turns).

Gargoyl the Chopper (Red Draconian Abyssal Knight)  Turns: 8990, Time: 00:17:34

Health: 0/75       AC: 11    Str: 16      XL:     9   Next: 95%
Magic:  14/14      EV: 18    Int: 11 (12) God:    Lugonu [*****.]
Gold:   465        SH:  5    Dex: 12 (13) Spells: 8/8 levels left

rFire    + . .     SeeInvis .   B - +1 hand axe (elec)
rCold    . . .     Gourm    +   C - +2 buckler
rNeg     . . .     Faith    .   (armour unavailable)
rPois    .         Spirit   .   (helmet restricted)
rElec    +         Reflect  .   x - +0 cloak
rCorr    .         Harm     .   f - +2 pair of gloves
MR       +....                  (no boots)
Stlth    +++.......             D - amulet of the gourmand
Regen    0.3/turn               q - ring of protection from magic
MPRegen  0.2/turn               d - +3 ring of evasion

@: no status effects
A: breathe fire, unfitting armour, deterioration 1, fire resistance 1,
electricity resistance, cold-blooded, AC +7
a: Breathe Fire, Depart the Abyss, Bend Space, Banish, Corrupt, Enter the Abyss,
Renounce Religion


You were on level 7 of the Dungeon.
You worshipped Lugonu.
Lugonu was extremely pleased with you.
You were not hungry.

You visited 1 branch of the dungeon, and saw 7 of its levels.
You visited the Abyss 1 time.
You also visited: Sewer.

You collected 465 gold pieces.

Inventory:

Hand Weapons
 a - a +1 hand axe
 e - a +2 hand axe of venom
 B - a +1 hand axe of electrocution (weapon)
Armour
 f - a +2 pair of gloves (worn)
 x - a +0 cloak (worn)
 C - a +2 buckler (worn)
Jewellery
 c - an uncursed ring of see invisible
 d - a +3 ring of evasion (right hand)
 o - an uncursed ring of flight
 q - a ring of protection from magic (left hand)
 D - an amulet of the gourmand (around neck)
Wands
 r - a wand of random effects (21/48)
 u - a wand of polymorph (15/24)
Scrolls
 i - a scroll of identify
 k - 2 scrolls of remove curse
 p - 3 scrolls of amnesia
 s - 3 scrolls of magic mapping
 y - 3 scrolls of fear
 A - a scroll of teleportation
Potions
 h - 2 potions of might
 j - 2 potions of brilliance
 l - a potion of magic
 t - a potion of heal wounds
 v - a potion of cancellation
Comestibles
 b - 10 bread rations
 g - 4 meat rations
 m - 6 royal jellies
 n - 2 fruits


   Skills:
 + Level 5.7 Fighting
 + Level 7.7 Axes
   Level 0.8(4.8) Polearms
 * Level 7.6 Dodging
 * Level 5.4 Stealth
 * Level 6.6 Invocations


You had 8 spell levels left.
You didn't know any spells.

Dungeon Overview and Level Annotations

Branches:
Dungeon (7/15)             Temple (0/1) D:6

Altars:
Ashenzari
Dithmenos

Shops:
D:6 }

Annotations:
D:7 Joseph


Innate Abilities, Weirdness & Mutations

You can breathe blasts of fire.
Your fiery red scales are hard. (AC +7)
You cannot fit into any form of body armour.
Your flesh is heat resistant. (rF+)
You are cold-blooded and may be slowed by cold attacks.
Your body sometimes deteriorates upon taking damage.
You are resistant to electric shocks. (rElec)


Message History

You hit Joseph but do no damage.
Joseph looks as sick as possible!
Joseph is heavily wounded.
Joseph hits you with an uncursed great sword!!
You closely miss Joseph.
Joseph is heavily wounded.
Joseph barely misses you.
You hit Joseph but do no damage.
Joseph looks as sick as possible!
You tail-slap Joseph.
Joseph is severely wounded.
You slash Joseph!
Joseph looks as sick as possible!
Your tail-slap misses Joseph.
Joseph is severely wounded.
Joseph misses you.
Your +2 hand axe of venom stops dripping with poison.
You hear the crackle of electricity.
B - a +1 hand axe of electrocution (weapon)
You hit Joseph but do no damage.
Joseph is almost dead.
Joseph hits you with an uncursed great sword!!
You die...

###########.#.....+
#.##.##.# #.##.#
#.##.##
###.##..####
............#
########.#### #.(#
##@## ######@.####
#..........#
#.....[....#
.###..#.......#
..Z. ##....(.# ##..
##..##..# ##..#..##
..# #..)†.# ..#


You could see Joseph.

Vanquished Creatures
  Pikel (D:5)
  Grinder (D:3)
  Eustachio (D:6)
  Edmund (D:4)
  The ghost of Loootie the Cudgeler, an amateur TrBe of Trog (D:3)
  2 slaves (D:5)
  A sky beast (D:6)
  A black bear (D:7)
  An ogre (D:7)
  3 centaurs
  5 big kobolds (Sewer)
  3 bullfrogs
  A gnoll sergeant (D:6)
  A wyvern zombie (D:5)
  2 scorpions
  A water moccasin skeleton (D:7)
  4 howler monkeys
  A bullfrog zombie (D:6)
  7 hounds
  2 orc priests
  A gnoll shaman (D:6)
  Crazy Yiuf (D:6)
  2 jellies
  6 orc wizards
  Terence (D:3)
  4 iguanas
  Natasha (twice) (D:3)
  5 worker ants
  A hound skeleton (D:5)
  Robin (D:3)
  11 gnolls (D:6)
  10 adders
  3 river rats
  2 shadow imps
  10 oozes (Sewer)
  2 adder skeletons
  An adder zombie (D:5)
  3 worms
  A dart slug (D:4)
  4 leopard geckos
  26 orcs
  2 giant cockroaches (D:5)
  15 goblins
  9 hobgoblins
  4 jackals
  11 kobolds
  A quokka (D:4)
  2 ball pythons
  10 bats
  3 frilled lizards
  A jackal skeleton (D:5)
  7 rats
202 creatures vanquished.

Vanquished Creatures (others)
  A slave (D:5)
  A bullfrog zombie (D:5)
  An orc wizard (D:6)
3 creatures vanquished.

Grand Total: 205 creatures vanquished

Notes
Turn   | Place    | Note
-------+----------+-------------------------------------------
     0 | Abyss:1  | Gargoyl the Draconian Abyssal Knight began the quest for the Orb.
     0 | Abyss:1  | Reached XP level 1. HP: 19/19 MP: 2/2
    94 | Abyss:1  | Noticed a rust devil
   110 | Abyss:1  | Noticed a raiju
   112 | D:1      | Escaped the Abyss
   440 | D:1      | Reached XP level 2. HP: 18/26 MP: 3/3
  1495 | D:2      | Reached * piety under Lugonu
  1631 | D:2      | Found a shattered altar of Ashenzari.
  1738 | D:2      | Noticed Robin
  1745 | D:2      | Reached XP level 3. HP: 25/33 MP: 4/4
  1850 | D:3      | Reached skill level 1 in Stealth
  2084 | D:3      | Killed Robin
  2640 | D:3      | Reached XP level 4. HP: 40/40 MP: 5/5
  2678 | D:3      | Noticed Loootie's ghost (amateur TrBe)
  2840 | D:4      | Reached XP level 5. HP: 30/46 MP: 7/7
  2945 | D:3      | Noticed Terence
  2950 | D:3      | Killed Terence
  3034 | D:3      | Noticed Grinder
  3042 | D:3      | Noticed Natasha
  3221 | D:3      | Killed Grinder
  3221 | D:3      | Reached XP level 6. HP: 25/52 MP: 8/8
  3468 | D:4      | Reached ** piety under Lugonu
  3854 | D:4      | Your scales start taking on a fiery red colour.
  3854 | D:4      | Reached XP level 7. HP: 48/60 MP: 10/10
  3854 | D:4      | Gained mutation: Your flesh is heat resistant. (rF+) [Red Draconian growth]
  4055 | D:3      | Noticed a two-headed ogre
  4295 | D:4      | Noticed Edmund
  4308 | D:4      | Killed Edmund
  4827 | D:3      | Killed Loootie's ghost
  4827 | D:3      | Reached XP level 8. HP: 49/67 MP: 11/11
  4916 | D:3      | Killed Natasha
  4979 | D:3      | Noticed Natasha
  4985 | D:3      | Killed Natasha
  4985 | D:3      | Reached skill level 5 in Axes
  5177 | D:5      | Entered Level 5 of the Dungeon
  5244 | D:5      | Reached *** piety under Lugonu
  5251 | D:5      | Found a glowing drain.
  5255 | Sewer    | Entered a sewer
  5318 | Sewer    | Reached skill level 5 in Dodging
  5401 | Sewer    | Reached skill level 5 in Fighting
  5718 | Sewer    | Reached skill level 5 in Invocations
  6450 | D:5      | Noticed Pikel
  6468 | D:5      | Killed Pikel
  6468 | D:5      | Reached XP level 9. HP: 49/74 MP: 11/13
  6958 | D:6      | Reached **** piety under Lugonu
  6989 | D:6      | Found a staircase to the Ecumenical Temple.
  7435 | D:6      | Gained mutation: Your body sometimes deteriorates upon taking damage. [mutagenic meat]
  7436 | D:6      | Gained mutation: You are resistant to electric shocks. (rElec) [mutagenic meat]
  7487 | D:6      | Reached skill level 5 in Stealth
  7883 | D:6      | Noticed Eustachio
  7894 | D:6      | Killed Eustachio
  8056 | D:6      | Found Faumesi's Gadget Boutique.
  8481 | D:6      | Found a runed door.
  8794 | D:6      | Noticed Crazy Yiuf
  8798 | D:6      | Killed Crazy Yiuf
  8879 | D:7      | Reached ***** piety under Lugonu
  8929 | D:7      | Found a shadowy altar of Dithmenos.
  8963 | D:7      | Noticed Joseph
  8990 | D:7      | Slain by Joseph

Skill      XL: |  1  2  3  4  5  6  7  8  9 |
---------------+----------------------------+-----
Stealth        | 1 2 3 4 5 |  5.4
Axes           | 3 4 6 7 |  7.7
Invocations    | 3 4 5 6 |  6.6
Fighting       | 4 5 |  5.7
Dodging        | 3 4 5 7 |  7.6
Polearms       | |  0.8

Action                   |  1- 3 |  4- 6 |  7- 9 || total
-------------------------+-------+-------+-------++-------
Melee: Hand axe          |    82 |    68 |   541 ||   691
       Tailslap          |    10 |    11 |    72 ||    93
       Trident           |    18 |    28 |       ||    46
Invok: Depart the Abyss  |     1 |       |       ||     1
 Abil: Breathe Fire      |       |       |     8 ||     8
  Use: Scroll            |     4 |     4 |     8 ||    16
       Potion            |       |       |     8 ||     8
 Stab: Sleeping          |     1 |     2 |     3 ||     6
       Distracted        |       |       |     1 ||     1
  Eat: Chunk             |     5 |     4 |    24 ||    33
Armor: Skin              |    37 |    20 |   121 ||   178
Dodge: Dodged            |    74 |    76 |   442 ||   592
Block: Buckler           |       |       |    14 ||    14
